 Dungeon Crawl Stone Soup version 0.26.1-11-gd32895ea62 (webtiles) character file.

Game seed: 7139574568541680520

5357 tizbic2 the Covert (level 10, 0/111 HPs)
             Began as a Gnoll Wanderer on June 27, 2021.
             Was a Priest of Dithmenos.
             Succumbed to a hornet's poison
             ... on level 9 of the Dungeon.
             The game lasted 01:22:57 (11628 turns).

tizbic2 the Covert (Gnoll Wanderer)                Turns: 11628, Time: 01:22:57

Health: 0/111      AC: 25    Str: 15    XL:     10   Next: 65%
Magic:  19/19      EV:  2    Int: 17    God:    Dithmenos [***...]
Gold:   267        SH:  0    Dex: 15    Spells: 15/21 levels left

rFire    . . .     SeeInvis .   s - +1 trident (venom)
rCold    . . .     Faith    .   (no shield)
rNeg     + + +     Spirit   .   (armour currently unavailable)
rPois    +         Reflect  .   (helmet currently unavailable)
rElec    .         Harm     .   (cloak currently unavailable)
rCorr    +         Rampage  .   (gloves currently unavailable)
Will     .....     NoTele   +   (boots currently unavailable)
Stlth    +++++.....             l - amulet of magic regeneration
HPRegen  0.28/turn              p - ring of flight
MPRegen  0.41/turn              A - ring of resist corrosion

@: lethally poisoned (0 -> -9), tree-form, slowed, wreathed by umbra, very slow
A: distributed training, strong nose
a: Renounce Religion, Shadow Step


You were on level 9 of the Dungeon.
You worshipped Dithmenos.
Dithmenos was most pleased with you.
You were a tree.
You visited 1 branch of the dungeon, and saw 9 of its levels.

You collected 465 gold pieces.
You spent 198 gold pieces at shops.

Inventory:

Hand Weapons
 c - a +0 shortbow
 d - a +5 club
 q - a +0 hunting sling
 s - a +1 trident of venom (weapon)
 v - a +0 flail
 w - a +1 vampiric dagger
 I - a +2 morningstar of protection
Missiles
 f - 329 stones
 j - 115 arrows
 r - 25 poisoned darts (quivered)
 z - 2 boomerangs of dispersal
Armour
 n - a +1 helmet of see invisible (melded)
 t - a +1 robe of willpower
 y - a +1 ring mail (melded)
 E - the +0 cloak of Honour (melded) {rC- Slay+5}
   (You found it on level 9 of the Dungeon)

   It affects your accuracy and damage with ranged weapons and melee attacks
   (+5).
   It makes you vulnerable to cold.
 F - a +2 plate armour of poison resistance
 L - a +0 pair of boots (melded)
Jewellery
 l - an amulet of magic regeneration (around neck)
 m - an uncursed amulet of reflection
 p - a ring of flight (left branch)
 A - a ring of resist corrosion (right branch)
 D - an uncursed amulet of regeneration
Wands
 g - a wand of enslavement (9)
Scrolls
 b - 3 scrolls of teleportation
 k - 3 scrolls of remove curse
 o - a scroll of enchant armour
 u - a scroll of blinking
 x - a scroll of amnesia
 H - a scroll of immolation {unknown}
 K - a scroll of identify
Potions
 e - 7 potions of brilliance
 h - 3 potions of lignification
 i - a potion of magic
 C - 2 potions of haste
 G - a potion of mutation {unknown}
 J - 2 potions of heal wounds {unknown}


   Skills:
 + Level 5.4 Fighting
 + Level 5.4 Short Blades
 + Level 5.4 Long Blades
 + Level 5.4 Axes
 + Level 5.4 Maces & Flails
 + Level 5.4 Polearms
 + Level 6.1 Staves
 + Level 5.4 Slings
 + Level 5.4 Bows
 + Level 5.4 Crossbows
 + Level 5.4 Throwing
 + Level 5.4 Armour
 + Level 5.4 Dodging
 + Level 8.2 Stealth
 + Level 5.4 Shields
 + Level 5.4 Unarmed Combat
 + Level 6.2 Spellcasting
 + Level 4.5 Conjurations
 + Level 4.5 Hexes
 + Level 4.5 Summonings
 + Level 6.0 Necromancy
 + Level 4.5 Translocations
 + Level 4.5 Transmutations
 + Level 4.5 Fire Magic
 + Level 4.5 Ice Magic
 + Level 4.5 Air Magic
 + Level 6.0 Earth Magic
 + Level 4.5 Poison Magic
 + Level 6.0 Invocations
 + Level 6.1 Evocations


You had 15 spell levels left.
You knew the following spells:

 Your Spells              Type           Power        Failure   Level
a - Call Imp              Summ           20%          3%          2
b - Blink                 Tloc           N/A          3%          2
c - Magic Dart            Conj           80%          1%          1
d - Corona                Hex            22%          1%          1

Your spell library contained the following spells:

 Spells                   Type           Power        Failure   Level
 Animate Skeleton         Necr           50%          1%          1
 Apportation              Tloc           40%          1%          1
 Summon Small Mammal      Summ           80%          1%          1
 Slow                     Hex            20%          3%          2
 Conjure Flame            Conj/Fire      20%          6%          3
 Mephitic Cloud           Conj/Pois/Air  20%          6%          3


Dungeon Overview and Level Annotations

Branches:
Dungeon (9/15)             Temple (0/1) D:6
   Lair: D:8-11         Orc: D:9-12

Altars:
Ashenzari
Dithmenos
Elyvilon
Qazlal

Shops:
D:5 [   D:6 (   D:8 }


Innate Abilities, Weirdness & Mutations

Your experience applies equally to all skills.
((You have very sharp teeth.))
Your uncanny sense of smell can sniff out nearby items.


Message History

The hornet is moderately wounded.
You feel very sick. The hornet stings you.
* * * LOW HITPOINT WARNING * * *
You feel as though you will be slow longer.
The adder bites you but does no damage. The hornet stings you.
* * * LOW HITPOINT WARNING * * *
The adder bites you but does no damage.
You hit the hornet.
The hornet is moderately wounded.
* * * LOW HITPOINT WARNING * * *
You feel sick. The hornet stings you.
* * * LOW HITPOINT WARNING * * *
You feel as though you will be slow longer.
The hornet barely misses you. The adder bites you but does no damage.
The hornet stings you but does no damage.
The adder bites you but does no damage.
You hit the hornet but do no damage.
The hornet is poisoned.
The hornet is moderately wounded.
You die...

........######..#...#..........#.
........##.)##..'...#......[...'.
..>..)...).)'...#...##.....##..##
#..........)#...#...##.....######
#..##...##..######...............
#..##...##..##..##...............
.........#......#................
.........#......#...##....###..##
.........#.....y♣...##....###..##
#####...##.....S#.........#......
#####..,*#..##..#.........'......
........##..##..##..##..^.##...##
............##..##..##....##...##
.....................#...........
.....................+...........
###.##########.###*###*#######+##
###.##..##..##.#**,***,,,,**,,,*#


You could see a hornet (very poisoned) and an adder.

Vanquished Creatures
  Maurice (D:8)
  Grinder (D:2)
  A hornet (D:9)
  A human (D:7)
  Grum (D:8)
  4 hogs (D:7)
  Duvessa (D:5)
  3 ice beasts
  5 orc warriors
  4 sky beasts
  An ogre (D:7)
  4 centaurs
  2 wolves (D:8)
  3 big kobolds
  A wyvern zombie (D:8)
  3 bullfrogs
  Dowan (D:5)
  3 scorpions
  3 howler monkeys (D:9)
  A centaur zombie (D:5)
  5 hounds
  A jelly (D:5)
  5 orc priests
  13 orc wizards
  Jessica (D:3)
  3 centaur skeletons
  Ijyb (D:3)
  5 worker ants
  A hound skeleton (D:8)
  4 gnolls
  8 adders
  A white imp (D:8)
  6 ufetubi
  3 oozes
  4 adder skeletons
  A worm (D:2)
  2 dart slugs (D:3)
  2 leopard geckos
  25 orcs
  6 giant cockroaches
  8 goblins
  5 hobgoblins
  7 jackals
  17 kobolds
  6 quokkas
  A ball python (D:1)
  12 bats
  6 frilled lizards
  A quokka zombie (D:5)
  11 rats
215 creatures vanquished.

Vanquished Creatures (collateral kills)
  Eustachio (D:5)
  A sky beast (D:5)
  A wolf (D:8)
  An ufetubus (D:8)
  3 orcs
  2 kobolds
9 creatures vanquished.

Grand Total: 224 creatures vanquished

Notes
Turn   | Place    | Note
-------+----------+-------------------------------------------
     0 | D:1      | tizbic2 the Gnoll Wanderer began the quest for the Orb.
     0 | D:1      | tizbic2 set off with the following items: a +2
                  | quarterstaff, a scroll of teleportation, a potion of
                  | lignification, a +0 robe, a +0 dagger
     0 | D:1      | Reached XP level 1. HP: 13/13 MP: 4/4
   103 | D:1      | Reached XP level 2. HP: 3/19 MP: 5/5
   763 | D:1      | Reached XP level 3. HP: 12/25 MP: 7/7
  1137 | D:1      | Reached skill level 6 in Stealth
  1351 | D:2      | Reached skill level 1 in Invocations
  1428 | D:2      | Reached skill level 1 in Fighting
  1428 | D:2      | Reached skill level 1 in Short Blades
  1428 | D:2      | Reached skill level 1 in Long Blades
  1428 | D:2      | Reached skill level 1 in Axes
  1428 | D:2      | Reached skill level 1 in Maces & Flails
  1428 | D:2      | Reached skill level 1 in Polearms
  1428 | D:2      | Reached skill level 1 in Slings
  1428 | D:2      | Reached skill level 1 in Bows
  1428 | D:2      | Reached skill level 1 in Crossbows
  1428 | D:2      | Reached skill level 1 in Throwing
  1428 | D:2      | Reached skill level 1 in Armour
  1428 | D:2      | Reached skill level 1 in Dodging
  1428 | D:2      | Reached skill level 1 in Shields
  1428 | D:2      | Reached skill level 1 in Unarmed Combat
  1529 | D:2      | Reached XP level 4. HP: 22/32 MP: 8/8
  1768 | D:2      | Reached skill level 1 in Conjurations
  1768 | D:2      | Reached skill level 1 in Hexes
  1768 | D:2      | Reached skill level 1 in Summonings
  1768 | D:2      | Reached skill level 1 in Translocations
  1768 | D:2      | Reached skill level 1 in Transmutations
  1768 | D:2      | Reached skill level 1 in Fire Magic
  1768 | D:2      | Reached skill level 1 in Ice Magic
  1768 | D:2      | Reached skill level 1 in Air Magic
  1768 | D:2      | Reached skill level 1 in Poison Magic
  1790 | D:2      | Reached XP level 5. HP: 33/37 MP: 9/9
  2263 | D:3      | Noticed Grinder
  2282 | D:2      | Paralysed by Grinder for 7 turns
  2296 | D:2      | Killed Grinder
  2297 | D:2      | Reached XP level 6. HP: 8/44 MP: 9/11
  2588 | D:3      | Noticed Jessica
  2602 | D:3      | Killed Jessica
  2733 | D:3      | Reached XP level 7. HP: 27/50 MP: 12/12
  2936 | D:3      | Noticed Ijyb
  2971 | D:3      | Killed Ijyb
  3916 | D:4      | Found a shadowy altar of Dithmenos.
  4268 | D:4      | Became a worshipper of Dithmenos the Shadowed
  4732 | D:5      | Entered Level 5 of the Dungeon
  4732 | D:5      | Noticed Eustachio
  4871 | D:5      | Reached XP level 8. HP: 37/57 MP: 14/14
  4907 | D:5      | Learned a level 2 spell: Call Imp
  4910 | D:5      | Learned a level 2 spell: Blink
  4912 | D:5      | Learned a level 1 spell: Magic Dart
  5272 | D:5      | Killed Eustachio
  5312 | D:5      | Noticed Duvessa
  5312 | D:5      | Noticed Dowan
  5333 | D:5      | Killed Dowan
  5376 | D:5      | Killed Duvessa
  5469 | D:5      | Found Tach's Armour Shop.
  5482 | D:5      | Bought a +1 helmet of see invisible for 198 gold pieces
  5697 | D:5      | Reached skill level 7 in Stealth
  5874 | D:6      | Found Miomnusch's Antique Weapon Shop.
  6383 | D:5      | Reached XP level 9. HP: 54/65 MP: 16/16
  6551 | D:5      | Reached skill level 5 in Necromancy
  6551 | D:5      | Reached skill level 5 in Earth Magic
  6718 | D:6      | Reached * piety under Dithmenos
  6894 | D:6      | Reached skill level 5 in Spellcasting
  6908 | D:6      | Found a white marble altar of Elyvilon.
  6951 | D:6      | Found a staircase to the Ecumenical Temple.
  7847 | D:6      | Reached skill level 5 in Staves
  7847 | D:6      | Reached skill level 5 in Evocations
  9074 | D:7      | Reached skill level 5 in Invocations
  9120 | D:7      | Found a broken altar of Ashenzari.
  9310 | D:7      | Reached XP level 10. HP: 42/73 MP: 15/18
  9673 | D:8      | Reached ** piety under Dithmenos
  9726 | D:8      | Reached skill level 5 in Fighting
  9726 | D:8      | Reached skill level 5 in Short Blades
  9726 | D:8      | Reached skill level 5 in Long Blades
  9726 | D:8      | Reached skill level 5 in Axes
  9726 | D:8      | Reached skill level 5 in Maces & Flails
  9726 | D:8      | Reached skill level 5 in Polearms
  9726 | D:8      | Reached skill level 5 in Slings
  9726 | D:8      | Reached skill level 5 in Bows
  9726 | D:8      | Reached skill level 5 in Crossbows
  9726 | D:8      | Reached skill level 5 in Throwing
  9726 | D:8      | Reached skill level 5 in Armour
  9726 | D:8      | Reached skill level 5 in Dodging
  9726 | D:8      | Reached skill level 5 in Shields
  9726 | D:8      | Reached skill level 5 in Unarmed Combat
 10130 | D:8      | Found Myokhiju's Gadget Emporium.
 10146 | D:8      | Noticed Maurice
 10185 | D:8      | Reached skill level 8 in Stealth
 10207 | D:8      | Killed Maurice
 10471 | D:8      | Noticed Grum
 10503 | D:8      | Killed Grum
 10819 | D:8      | Found a stormy altar of Qazlal.
 10887 | D:9      | Got a fading cloak
 10894 | D:9      | Identified the +0 cloak of Honour {rC- Slay+5} (You found
                  | it on level 9 of the Dungeon)
 11403 | D:9      | Reached *** piety under Dithmenos
 11538 | D:9      | Learned a level 1 spell: Corona
 11621 | D:9      | Paralysed by a hornet for 2 turns
 11627 | D:9      | HP: 5/111 [poisoned by a hornet]
 11627 | D:9      | HP: 1/111 [hornet (4)]
 11628 | D:9      | Succumbed to a hornet's poison

Illustrated notes

Levels and vault maps discovered:
D:1:      shiori_arrival_maze, layout_basic, hangedman_decor_clover_reticule
D:2:      layout_rooms, marbit_many_paths, minmay_tetromino_i2
D:3:      layout_basic, serial_curves, eino_curves_02, eino_curves_02,
          minmay_misc_feat_room, uniq_jessica, uniq_ijyb, uniq_grinder
D:4:      layout_rooms, grunt_dithmenos_smoke
D:5:      layout_basic, serial_shops, shop, uniq_duvessa, uniq_eustachio
D:6:      layout_rooms, general_overflow_altar, minmay_temple_entry_water_ring,
          serial_shops, shop, portal_sewer_entry_d, minmay_unpleasant_kobolds
D:7:      layout_layer_cave, nicolae_overflow_hidden_temple, grunt_livestock,
          hangedman_abyss_or_decor_passed
D:8:      layout_loops_corners, serial_shops, shop_fountains,
          nicolae_qazlal_general_emergency, uniq_grum, uniq_maurice
D:9:      layout_gridville

Skill      XL: |  1  2  3  4  5  6  7  8  9 10 |
---------------+-------------------------------+-----
Stealth        | 6 7 8 |  8.2
Invocations    | 1 2 3 4 5 6 |  6.0
Fighting       | 1 2 3 4 5 |  5.4
Short Blades   | 1 2 3 4 5 |  5.4
Long Blades    | 1 2 3 4 5 |  5.4
Axes           | 1 2 3 4 5 |  5.4
Maces & Flails | 1 2 3 4 5 |  5.4
Polearms       | 1 2 3 4 5 |  5.4
Slings         | 1 2 3 4 5 |  5.4
Bows           | 1 2 3 4 5 |  5.4
Crossbows      | 1 2 3 4 5 |  5.4
Throwing       | 1 2 3 4 5 |  5.4
Armour         | 1 2 3 4 5 |  5.4
Dodging        | 1 2 3 4 5 |  5.4
Shields        | 1 2 3 4 5 |  5.4
Unarmed Combat | 1 2 3 4 5 |  5.4
Spellcasting   | 3 4 5 6 |  6.2
Conjurations   | 1 2 3 4 |  4.5
Hexes          | 1 2 3 4 |  4.5
Summonings     | 1 2 3 4 |  4.5
Translocations | 1 2 3 4 |  4.5
Transmutations | 1 2 3 4 |  4.5
Fire Magic     | 1 2 3 4 |  4.5
Ice Magic      | 1 2 3 4 |  4.5
Air Magic      | 1 2 3 4 |  4.5
Poison Magic   | 1 2 3 4 |  4.5
Staves         | 3 4 5 6 |  6.1
Evocations     | 3 4 5 6 |  6.1
Necromancy     | 4 5 6 |  6.0
Earth Magic    | 4 5 6 |  6.0

Action                   |  1- 3 |  4- 6 |  7- 9 | 10-12 || total
-------------------------+-------+-------+-------+-------++-------
Melee: Dagger            |    33 |       |   281 |    90 ||   404
       Bite              |     8 |     5 |    58 |    24 ||    95
       Quarterstaff      |    90 |    39 |     5 |       ||   134
       Trident           |       |    84 |   154 |   114 ||   352
       Club              |       |       |    44 |    10 ||    54
       Hunting sling     |       |       |     7 |       ||     7
       Punch             |       |       |     4 |     2 ||     6
       Flail             |       |       |       |     1 ||     1
 Fire: Hunting sling     |       |       |    57 |       ||    57
       Shortbow          |       |       |       |    33 ||    33
Throw: Stone             |    46 |     9 |       |       ||    55
       Dart              |       |     2 |     4 |       ||     6
 Cast: Call Imp          |       |       |    32 |    12 ||    44
       Magic Dart        |       |       |    32 |    14 ||    46
       Blink             |       |       |    24 |    19 ||    43
 Abil: Evoke Flight      |       |       |     1 |       ||     1
  Use: Potion            |     2 |     2 |     2 |     3 ||     9
       Scroll            |     1 |     2 |    16 |     1 ||    20
 Stab: Distracted        |       |       |     2 |     1 ||     3
       Sleeping          |       |       |     2 |     7 ||     9
Armor: Skin              |    12 |    31 |       |    10 ||    53
       Robe              |     2 |       |     2 |       ||     4
       Chain mail        |    62 |   108 |    75 |       ||   245
       Leather armour    |     1 |       |       |       ||     1
       Ring mail         |       |       |   129 |    66 ||   195
Dodge: Dodged            |    42 |    56 |   277 |   173 ||   548
